Map: [ESL] Equilibrium

Players

Bly

  • Race: Zerg Zerg
  • Spawn Location: 1:00

Elazer - Winner!

  • Race: Zerg Zerg
  • Spawn Location: 11:00

Event: ESL SC2 Masters 2023 Winter (Regional)

VOD

Have the link to the VOD?

Description

Time

  • Played on: Nov. 3, 2023, 12:45 p.m.
  • Length: 6:05

All games in this series

Show
View Real Time Build Order
Export as new Build Order

Bly Zerg 

Build Orders: Hatch First 

Get SALT Encoding   

  12  0:00  Drone  
  13  0:09  Drone  
  14  0:18  Extractor, Drone  
  15  0:38  Hatchery  
  14  0:48  Extractor x2, Drone  
  13  0:50  Drone  
  16  1:02  Spawning Pool  
  15  1:09  Overlord  
  15  1:27  Drone  
  15  1:28  Drone x2  
  18  1:35  Unknown  
  17  1:52  Queen  
  19  1:54  Zergling x2  
  19  1:58  Queen  
  22  2:01  Drone  
  22  2:06  Drone  
  24  2:13  Roach Warren  
  23  2:16  Drone  
  23  2:21  Drone x2  
  26  2:25  Metabolic Boost  
  26  2:30  Drone  
  27  2:42  Zergling x2  
  27  2:43  Overlord  
  28  2:50  Overlord  
  28  3:02  Roach x2  
  28  3:03  Roach  
  28  3:04  Roach  
  36  3:10  Roach x4  
  36  3:23  Zergling x6  
  36  3:26  Ravager  
  36  3:27  Ravager  
  34  3:35  Ravager  
  33  3:45  Drone x4  
  34  3:51  Drone  
  35  4:06  Baneling Nest  
  35  4:08  Roach  
  35  4:09  Roach  
  38  4:16  Roach  
  40  4:18  Zergling x2  
  41  4:35  Roach x3  
  36  4:47  Roach  
  38  5:06  Ravager  
  34  5:09  Ravager  
  34  5:11  Drone x3  
  33  5:15  Baneling Nest  
  22  5:23  Roach  
  22  5:26  Roach  
  26  5:31  Drone  
  27  5:35  Drone  
Show
View Real Time Build Order
Export as new Build Order

Elazer Zerg - Winner!

Build Orders: Pool First 

Get SALT Encoding   

  12  0:00  Drone  
  13  0:12  Overlord  
  13  0:17  Drone  
  14  0:30  Drone x2  
  14  0:34  Drone  
  17  0:44  Extractor, Drone  
  17  0:49  Spawning Pool  
  16  0:55  Drone  
  17  1:06  Drone  
  18  1:17  Hatchery  
  17  1:22  Drone  
  18  1:35  Queen  
  18  1:36  Zergling x2  
  21  1:43  Metabolic Boost  
  21  1:46  Zergling x2  
  22  1:52  Overlord  
  22  2:05  Baneling Nest  
  22  2:06  Zergling x2  
  22  2:14  Zergling x2  
  23  2:25  Zergling x2  
  24  2:31  Zergling x2  
  24  2:33  Zergling x2  
  26  2:38  Queen  
  26  2:42  Zergling x2  
  26  2:44  Zergling x2  
  30  2:48  Zergling x6  
  30  2:50  Baneling  
  33  2:52  Baneling  
  33  2:55  Zergling x2  
  34  2:58  Zergling x2  
  34  3:04  Zergling x2  
  35  3:16  Zergling x2  
  35  3:24  Overlord  
  33  3:35  Zergling x6  
  33  3:40  Zergling x6  
  35  3:44  Zergling x2  
  35  3:47  Zergling x2  
  33  3:50  Zergling x2  
  33  3:51  Zergling x4  
  33  3:54  Zergling x6  
  37  3:58  Zergling x2  
  38  4:04  Zergling x2  
  38  4:08  Zergling x2  
  40  4:14  Baneling x3  
  40  4:17  Zergling x4  
  40  4:21  Zergling x2  
  43  4:28  Zergling x2  
  37  4:38  Zergling x2  
  37  4:39  Zergling x10  
  43  4:49  Zergling x2  
  41  5:02  Zergling x2, Drone x2  
  40  5:14  Zergling x8  
  40  5:17  Drone  
  43  5:26  Zergling x2  
  43  5:42  Drone  
Tags
 
Add a new tag
Caveats
  • Supply blocks, unpowered buildings, or Contaminate may cause inaccurate times.
  • Supply counts are checked every 10 seconds.